 Dungeon Crawl Stone Soup version 0.17.0-56-gd8de76c (webtiles) character file.

182 ventricule the Bolt Thrower (level 5, 0/37 HPs)
             Began as a Formicid Wanderer on Dec 5, 2015.
             Slain by an orc priest
             ... wielding a +0 whip
              (1 damage)
             ... on level 3 of the Dungeon.
             The game lasted 00:06:11 (3773 turns).

ventricule the Bolt Thrower (Formicid Wanderer)     Turns: 3773, Time: 00:06:12

Health: 0/37       AC:  5    Str: 18    XL:     5   Next: 93%
Magic:  8/8        EV: 12    Int: 19    God:
Gold:   134        SH:  0    Dex:  7    Spells: 0 memorised, 8 levels left

rFire  . . .     SeeInvis +     b - +0 flail
rCold  . . .     Clarity  .     c - +0 ring mail
rNeg   . . .     SustAt   .     (no shield)
rPois  .         Gourm    .     (helmet unavailable)
rElec  .         Spirit   .     (no cloak)
rCorr  .         Warding  .     (no gloves)
rMut   .         Stasis   +     (no boots)
MR     .....                    (no amulet)
Stlth  +.........               (no ring)
                                (no ring)

@: brilliant, not resistant to hostile enchantments, very unstealthy
A: permanent stasis, dig shafts and tunnels, four strong arms, antennae 3,
repulsion field 1
a: Dig, Shaft Self


You were on level 3 of the Dungeon.
You were hungry.

You visited 1 branch of the dungeon, and saw 3 of its levels.

You collected 134 gold pieces.


Innate Abilities, Weirdness & Mutations

You are under a permanent stasis effect.
You can dig through walls and to a lower floor.
Your four strong arms can wield two-handed weapons with a shield.
You have a pair of large antennae on your head (SInv).
You are surrounded by a mild repulsion field (EV +2).


   Skills:
 - Level 1.1 Fighting
 + Level 3.0 Maces & Flails
 - Level 5.8 Crossbows
 - Level 1.2 Stealth
 - Level 2.1 Spellcasting
   Level 1.3 Poison Magic
   Level 1.1 Evocations


You had 8 spell levels left.
You didn't know any spells.

Inventory:

Hand Weapons
 a - a +2 hand crossbow
 b - a +0 flail (weapon)
Missiles
 m - 38 bolts
 u - 19 silver bolts
Armour
 c - a +0 ring mail (worn)
Scrolls
 f - a scroll of amnesia {unknown}
 k - a scroll of identify {unknown}
 n - a scroll of teleportation {unknown}
 o - 2 scrolls of immolation {unknown}
 q - 3 scrolls of remove curse {unknown}
 s - a scroll of enchant armour {unknown}
Potions
 d - a potion of lignification {!q}
 g - a potion of brilliance
 h - a potion of invisibility {unknown}
 i - a potion of agility {unknown}
 j - a potion of curing {unknown}
 l - a potion of beneficial mutation
 p - a potion of poison {unknown}
 r - a potion of cancellation {unknown}
Comestibles
 e - 2 bread rations

Dungeon Overview and Level Annotations

Branches:
Dungeon (3/15)

Altars:

▒ ▒..▒...▒▒▒▒ ▒ ▒..▒......▒ ▒
▒..▒...▒▒.▒ ▒ ▒.......>.▒▒
▒▒▒........... ...
▒............. ..▒
▒▒.▒▒▒▒...▒▒▒▒ ..▒ ...▒▒
▒...▒ ▒▒▒..▒ )...▒▒▒...▒
▒▒a▒..▒ .....>...▒▒ ▒o▒▒..▒
▒▒▒ ▒▒▒ ....▒▒▒▒▒▒▒▒▒▒▒▒{▒.▒
.......▒ .......
......{...▒▒.♣.♣.♣.▒ ▒▒▒▒▒▒▒
▒▒▒▒▒▒▒†▒▒▒▒.....S.▒
▒▒▒▒▒▒▒▒▒▒▒▒▒....S'.....o<▒
▒▒▒.............▒▒▒▒▒.......▒
.)..▒▒▒▒▒▒▒▒▒▒▒▒▒ ▒.♣.♣.♣£▒
▒▒▒▒▒ .......▒


You could see an orc priest.


Message History

The orc is moderately wounded.
The orc misses you.
You sock the orc!
You kill the orc!
You sock the orc!
You kill the orc!
Your Maces & Flails skill increases to level 3!
Your ring mail prevents you from hitting the orc priest.
The orc priest hits you with a whip.
You barely miss the orc priest. The orc priest hits you with a whip.
* * * LOW HITPOINT WARNING * * *
You hit the orc priest.
The orc priest is moderately wounded.
The orc priest hits you with a whip.
* * * LOW HITPOINT WARNING * * *
The orc priest hits you but does no damage.
You barely miss the orc priest.
The orc priest is moderately wounded.
The orc priest invokes the aid of Beogh against you.
Something smites you!
* * * LOW HITPOINT WARNING * * *
Drink which item? (? for menu, Esc to quit)
It was a potion of brilliance.
You feel clever all of a sudden.
The orc priest hits you but does no damage.
Drink which item? (? for menu, Esc to quit)
It was a potion of beneficial mutation.
You begin to radiate repulsive energy.
You feel fantastic! The orc priest hits you with a whip.
You die...

Action                   |  1- 3 |  4- 6 || total
-------------------------+-------+-------++-------
Melee: Unarmed           |   285 |       ||   285
       Flail             |       |   112 ||   112
 Fire: Hand crossbow     |    30 |    42 ||    72
 Abil: Dig               |       |     2 ||     2
  Use: Potion            |       |     2 ||     2
  Eat: Chunk             |     4 |     5 ||     9

Vault maps used:
D:1:      ncdulo_watergridlock
D:3:      xom_redecorated, grunt_ministairs_3

Notes
Turn   | Place    | Note
--------------------------------------------------------------
     0 | D:1      | ventricule the Formicid Wanderer began the quest for the Orb.
     0 | D:1      | ventricule set off with: a +2 hand crossbow, 24 bolts, a +0 ring mail, a potion of lignification {!q}, a bread ration
     0 | D:1      | Reached XP level 1. HP: 15/15 MP: 3/3
   733 | D:1      | Reached XP level 2. HP: 8/21 MP: 5/5
   736 | D:1      | HP: 2/21 [jackal (2)]
  1312 | D:1      | Reached XP level 3. HP: 18/26 MP: 6/6
  1882 | D:1      | Reached skill level 5 in Crossbows
  2250 | D:2      | Reached XP level 4. HP: 32/32 MP: 7/7
  3070 | D:2      | Reached skill level 1 in Maces & Flails
  3070 | D:2      | Reached XP level 5. HP: 37/37 MP: 8/8
  3422 | D:3      | Reached skill level 2 in Maces & Flails
  3767 | D:3      | Reached skill level 3 in Maces & Flails
  3771 | D:3      | HP: 1/37 [orc priest/divine providence (11)]
  3773 | D:3      | Gained mutation: You are surrounded by a mild repulsion field (EV +2). [potion of beneficial mutation]
  3773 | D:3      | Slain by an orc priest

Vanquished Creatures
  An orc wizard (D:3)
  6 adders
  3 gnolls
  An ooze (D:1)
  3 worms
  8 orcs
  5 giant cockroaches
  A goblin (D:3)
  3 hobgoblins
  3 quokkas
  A ball python (D:1)
  8 bats
  2 giant geckos
  A giant newt (D:3)
  4 jackals
  5 kobolds
  8 rats
63 creatures vanquished.
